 Dungeon Crawl Stone Soup version 0.31-a0-523-g071a6c1ffa (webtiles) character file.

Game seed: 14716476256546798239

16 ytrimaz the Ruffian (level 2, 0/27 HPs)
             Began as an Octopode Shapeshifter on Aug 11, 2023.
             Succumbed to a kobold's poison
             ... on level 1 of the Dungeon.
             The game lasted 00:00:19 (166 turns).

ytrimaz the Ruffian (Octopode Shapeshifter)          Turns: 166, Time: 00:00:19

Health: 0/27       AC: 21    Str: 14    XL:     2   Next: 58%
Magic:  2/2        EV:  2    Int: 10    God:
Gold:   0          SH:  0    Dex: 12    Spells: 1/1 levels left

rFire   . .          .
                       - Unarmed
rCold   . . .        (no shield)
rNeg    . . .        (helmet currently unavailable)
rPois   +            (no amulet)
rElec   .            (no ring)
rCorr   .            (no ring)
SInv    .            (no ring)
Will    .....        (no ring)
Stlth   +            (no ring)
HPRegen 0.24/turn    (no ring)
MPRegen 0.08/turn    (no ring)
                     (no ring)

%: no passive effects
@: lethally poisoned (0 -> -8), tree-form
A: stationary, stasis, torment immunity, boosted hp, almost no armour,
(amphibious), 8 rings, (camouflage 1), (gelatinous body 1), (nimble swimmer 1),
(tentacles)
a: no special abilities


You were on level 1 of the Dungeon.
You were a tree.
You visited 1 branch of the dungeon, and saw 1 of its levels.


Innate Abilities, Weirdness & Mutations

You are a tree.
Your roots penetrate the ground, keeping you stationary.
You cannot be teleported.
You are immune to unholy pain and torment.
Your maximum health is greatly increased.
You cannot wear most types of armour.
((You are amphibious.))
You can wear up to eight rings at the same time.
((Your skin changes colour to match your surroundings (Stealth+).))
((Your rubbery body absorbs attacks. (AC +1, EV +1)))
((You are camouflaged when in or above water. (Stealth+)))
((You have tentacles for arms and can constrict up to eight enemies at once.))


   Skills:
 - Level 1.0 Fighting
 * Level 2.4 Dodging
 * Level 3.3 Unarmed Combat
 + Level 3.1 Shapeshifting


You had one spell level left.
You didn't know any spells.
Your spell library was empty.

Inventory:

Talismans
 b - a beast talisman
 c - a flux talisman
Scrolls
 e - a scroll of fear {unknown}

Dungeon Overview and Level Annotations

Branches:
Dungeon (1/15) Zot: 5834

Altars:

##### ###...# .....#
####### [...###
#...... .....#
##)##### # #)##.#
#.......
#.##♣##.#######.#####
#...............#
###.##.##.#########
.....#.##.#
###.......# #..#.####
.....#.# ###. #.# ..
#.#


There were no monsters in sight!


Message History

You tentacle-slap the goblin. Your grab misses the goblin.
Your squeeze misses the goblin.
A rat comes into view.
The goblin barely misses you.
You barely miss the goblin. Your grab misses the goblin.
Your tentacle-slap misses the goblin.
The goblin closely misses you.
You tentacle-slap the goblin. You grab the goblin. You squeeze the goblin.
You kill the goblin!
Unknown command.
You tentacle-slap the gnoll. You grab the gnoll.
You constrict the gnoll, but do no damage.
The gnoll barely misses you.
You tentacle-slap the gnoll. You squeeze the gnoll. You constrict the gnoll.
The gnoll hits you with a +0 club. 😕 HP[-2]
You take 2 damage, and now have 11/13 hp.
Unknown command.
You tentacle-slap the gnoll. You constrict the gnoll.
You kill the gnoll!
You have reached level 2! 😕 HP[+4] MP[+1]
You now have 18 max hp (+5).
You regained 4 hp, and now have 15/18 hp.
Your mp is fully restored (2).
You tentacle-slap the rat.
You kill the rat!
Things that are here:
a +0 club; a +0 club; a gnoll corpse; 😕 HP[+1]
A kobold and a hobgoblin come into view.
The kobold is wielding a +0 short sword of venom.
The kobold shouts!
The kobold moves out of view. 😎 HP[+2]
Your hp is fully restored (18).
A hobgoblin is nearby!
A hobgoblin is nearby!
A hobgoblin is nearby!
The kobold throws a stone.
The stone misses you.
Unknown command.
The kobold throws a stone.
The stone hits you. 😕 HP[-1]
You take 1 damage, and now have 17/18 hp.
The kobold hits you with a +0 short sword of venom.
You are poisoned. 😕 HP[-3]
You take 3 damage, and now have 14/18 hp.
You closely miss the kobold.
The hobgoblin shouts!
You grab the kobold.
You constrict the kobold, but do no damage.
You feel very sick.
The kobold hits you with a +0 short sword of venom.
* * * LOW HITPOINT WARNING * * *
You are more poisoned. 😨 HP[-8]
You take 8 damage, and now have 6/18 hp.
MASSIVE DAMAGE!! (PAUSE) It was a potion of heal wounds.
You feel much better.
You constrict the kobold, but do no damage.
You feel very sick. The kobold hits you but does no damage.
You are more poisoned. 😮 HP[+7]
You regained 7 hp, and now have 13/18 hp.
Your transformation has ended.
You turn into a tree.
Your roots penetrate the ground.
You lose your grip on the kobold.
You feel very sick.
The kobold hits you but does no damage. 😮 HP[+2]
You now have 27 max hp (+9).
You regained 2 hp, and now have 15/27 hp.
Unknown command.
You smack the kobold!
You kill the kobold!
* * * LOW HITPOINT WARNING * * *
You feel very sick. 😨 HP[-4]
You take 4 damage, and now have 11/27 hp.
You smack the hobgoblin!
You kill the hobgoblin!
* * * LOW HITPOINT WARNING * * *
You feel very sick.
Unknown command. 😨 HP[-4]
You take 4 damage, and now have 7/27 hp.
You cannot move.
You cannot move.
Unknown command.
You cannot move.
Unknown command.
* * * LOW HITPOINT WARNING * * *
You feel very sick. 😱 HP[-4]
You take 4 damage, and now have 3/27 hp.
* * * LOW HITPOINT WARNING * * *
You feel sick. 😱 HP[-1]
You take 1 damage, and now have 2/27 hp.
You die...

Action                     || total
---------------------------++-------
  Melee: Unarmed           ||    14
         Constrict         ||     4
         Tentacles         ||     2
    Use: Potion            ||     2
 Armour: Skin              ||     2
  Dodge: Dodged            ||     4

Levels and vault maps discovered:
D:1:      minmay_arrival_stair_chambers, layout_loops_ring,
          hellmonk_ecumenical_altar_blasted, serial_shops,
          nicolae_book_shop_shelving

Notes
Turn   | Place    | Note
-------+----------+-------------------------------------------
     0 | D:1      | ytrimaz the Octopode Shapeshifter began the quest for the
                  | Orb.
     0 | D:1      | Reached XP level 1. HP: 13/13 MP: 1/1
     0 | D:1      | magus.rc [v1.9.6]
   129 | D:1      | Reached XP level 2. HP: 15/18 MP: 2/2
   164 | D:1      | HP: 3/27 [poisoned by a kobold]
   166 | D:1      | Succumbed to a kobold's poison

Vanquished Creatures
  A gnoll (D:1)
  A goblin (D:1)
  A hobgoblin (D:1)
  2 kobolds (D:1)
  2 rats (D:1)
7 creatures vanquished.

Table legend:
 A = Non-vault XP
 B = Vault XP
 C = Vault XP percentage of total XP
 D = Non-vault monster count
 E = Vault monster count
 F = Vault count percentage of total count
                 A         B        C        D         E       F
            +---------+---------+-------+---------+---------+-------
      Total |      24 |       0 |   0.0 |       7 |       0 |   0.0
            +---------+---------+-------+---------+---------+-------
        D:1 |      24 |       0 |   0.0 |       7 |       0 |   0.0
            +---------+---------+-------+---------+---------+-------

Action                     || total
---------------------------++-------
  Melee: Unarmed           ||    14
         Constrict         ||     4
         Tentacles         ||     2
    Use: Potion            ||     2
 Armour: Skin              ||     2
  Dodge: Dodged            ||     4

Illustrated notes

Table legend:
 A = Kills in this place as a percentage of kills in the entire game.
 B = Kills by you in this place as a percentage of kills by you in the entire game.
 C = Kills by friends in this place as a percentage of kills by friends in the entire game.
 D = Other kills in this place as a percentage of other kills in the entire game.
 E = Experience gained in this place as a percentage of experience gained in the entire game.
 F = Experience gained in this place divided by the number of levels of this place that you have seen.
                   A       B       C       D       E      F
               +-------+-------+-------+-------+-------+----------------------
         Total | 100.0 | 100.0 |   N/A |   N/A | 100.0 |  24.0
       Dungeon | 100.0 | 100.0 |   N/A |   N/A | 100.0 |  24.0
               +-------+-------+-------+-------+-------+----------------------

Table legend: (Time is in decaauts)
 A = Elapsed time spent in this place.
 B = Non-inter-level travel time spent in this place.
 C = Inter-level travel time spent in this place.
 D = Time resting spent in this place.
 E = Time spent auto-exploring this place.
 F = Levels seen in this place.
 G = Mean time per level.
                   A        B        C        D        E       F      G
               +--------+--------+--------+--------+--------+-----+--------+
         Total |    165 |    165 |      0 |      0 |    129 |   1 |  165.0 |
       Dungeon |    165 |    165 |      0 |      0 |    129 |   1 |  165.0 |
               +--------+--------+--------+--------+--------+-----+--------+

Top non-repeatable levels by time:
     D:1: 165 daAuts
